 Dungeon Crawl Stone Soup version 0.29-a0-477-g62b78b4225 (webtiles) character file.

Game seed: 17336810083190152642

33206 Bruhh the Frost Mage (level 13, 0/99 HPs)
             Began as a Gnoll Ice Elementalist on May 25, 2022.
             Was an Elder of Vehumet.
             Slain by an eight-headed hydra (10 damage)
             ... on level 5 of the Lair of Beasts.
             The game lasted 00:31:30 (13779 turns).

Bruhh the Frost Mage (Gnoll Ice Elementalist)      Turns: 13779, Time: 00:31:31

Health: 0/99       AC:  5    Str:  9    XL:     13   Next: 69%
Magic:  21/26      EV: 17    Int: 32    God:    Vehumet [****..]
Gold:   370        SH:  0    Dex: 18    Spells: 4/31 levels left

rFire   . . .      SeeInvis .   N - +4 scimitar (spect)
rCold   . . .      Faith    .   (no shield)
rNeg    . . .      Spirit   .   c - +0 leather armour
rPois   .          Reflect  .   (helmet restricted)
rElec   .          Harm     .   (no cloak)
rCorr   +          Rampage  .   Q - +0 pair of gloves
Will    .....                   (no boots)
Stlth   ++........              s - amulet "Rinkaola" {Will- Regen+ rCorr Int+8 Dex+5}
HPRegen 1.06/turn               y - +6 ring of intelligence
MPRegen 0.20/turn               (no ring)

@: spewing sludge, very slow
A: fangs 1, strong nose, distributed training, antennae 1
a: Renounce Religion


You were on level 5 of the Lair of Beasts.
You worshipped Vehumet.
Vehumet was greatly pleased with you.
You visited 3 branches of the dungeon, and saw 14 of its levels.
You also visited: Ossuary.

You collected 762 gold pieces.
You spent 392 gold pieces at shops.

Inventory:

Hand Weapons
 d - a +0 spear
 e - a +2 whip of freezing
 z - a +3 vampiric spear
 N - a +4 spectral scimitar (weapon)
 T - the +7 long sword of Mayhem {flame, rElec rF++ rN+ Int-5}
   (You found it on level 2 of the Lair of Beasts)

   It burns those it strikes, dealing additional fire damage.
   Big, fiery blades are also staple armaments of hydra-hunters.
   Int:       It affects your intelligence (-5).
   rF:        It greatly protects you from fire.
   rElec:     It insulates you from electricity.
   rN:        It protects you from negative energy.
Missiles
 B - a throwing net
Armour
 a - a +0 robe
 c - a +0 leather armour (worn)
 A - a +0 kite shield
 K - a +0 pair of gloves
 Q - a +0 pair of gloves (worn)
Magical Staves
 m - a staff of conjuration
 x - a staff of air
Jewellery
 s - the amulet "Rinkaola" (around neck) {Will- Regen+ rCorr Int+8 Dex+5}
   (You found it on level 3 of the Dungeon)

   [amulet of regeneration]

   Int:       It affects your intelligence (+8).
   Dex:       It affects your dexterity (+5).
   Regen:     It increases your rate of health regeneration.
   rCorr:     It protects you from acid and corrosion.
   Will:      It decreases your willpower.
 y - a +6 ring of intelligence (left hand)
 G - a ring of positive energy
 R - a ring of willpower
 V - a ring of protection from fire
 Y - an amulet of regeneration
Wands
 v - a wand of iceblast (4)
 H - a wand of charming (7)
 J - a wand of flame (35)
 U - a wand of acid (6)
 X - a wand of mindburst (5)
 Z - a wand of digging (2)
Scrolls
 i - 3 scrolls of amnesia
 k - 2 scrolls of poison
 l - 3 scrolls of teleportation
 o - 2 scrolls of magic mapping
 t - 3 scrolls of torment
 u - a scroll of immolation
 C - a scroll of noise
 E - 6 scrolls of vulnerability
 P - a scroll of acquirement {unknown}
 W - 2 scrolls of identify
Potions
 b - a potion of magic
 f - 6 potions of heal wounds
 g - a potion of degeneration {unknown}
 j - 5 potions of curing
 n - 4 potions of lignification
 p - 4 potions of resistance
 q - 2 potions of brilliance {unknown}
 r - 2 potions of berserk rage {unknown}
 w - 2 potions of attraction {unknown}
 D - 3 potions of ambrosia {unknown}
 I - 3 potions of flight {unknown}
 L - a potion of haste
 M - 4 potions of cancellation
 O - 2 potions of mutation {unknown}
 S - 2 potions of might {unknown}
Miscellaneous
 h - a phantom mirror


   Skills:
 + Level 8.5 Fighting
 + Level 8.5 Short Blades
 + Level 8.5 Long Blades
 + Level 8.5 Axes
 + Level 8.5 Maces & Flails
 + Level 8.5 Polearms
 + Level 8.5 Staves
 + Level 8.5 Slings
 + Level 8.5 Bows
 + Level 8.5 Crossbows
 + Level 8.5 Throwing
 + Level 8.5 Armour
 + Level 9.7 Dodging
 + Level 9.5 Stealth
 + Level 8.5 Shields
 + Level 8.5 Unarmed Combat
 + Level 9.9 Spellcasting
 + Level 7.1 Conjurations
 + Level 7.1 Hexes
 + Level 7.1 Summonings
 + Level 7.1 Necromancy
 + Level 7.1 Translocations
 + Level 7.1 Transmutations
 + Level 7.1 Fire Magic
 + Level 10.1 Ice Magic
 + Level 7.1 Air Magic
 + Level 7.1 Earth Magic
 + Level 7.1 Poison Magic
 + Level 9.3 Invocations
 + Level 8.5 Evocations


You had 4 spell levels left.
You knew the following spells:

 Your Spells              Type           Power      Damage    Failure   Level
a - Freeze                Ice            100%       1d11      1%          1
b - Frozen Ramparts       Ice            100%       1d12      1%          3
c - Ozocubu's Armour      Ice            69%        N/A       1%          3
d - Anguish               Hex/Necr       28%        N/A       2%          4
e - Irradiate             Conj/Tmut      28%        3d22      1%          5
f - Borgnjor's Vile Clut  Necr/Erth      28%        N/A       6%          5
g - Eringya's Noxious Bo  Tmut/Pois      28%        N/A       9%          6

Your spell library contained the following spells:

 Spells                   Type           Power      Damage    Failure   Level
 Fireball                 Conj/Fire      28%        3d12      1%          5
 Ensorcelled Hibernation  Hex/Ice        100%       N/A       1%          2
 Sublimation of Blood     Necr           57%        N/A       1%          2
 Spider Form              Tmut/Pois      57%        N/A       1%          3
 Hailstorm                Conj/Ice       63%        3d13      1%          4
 Animate Armour           Summ/Erth      100%       N/A       2%          4
 Petrify                  Tmut/Erth      57%        N/A       2%          4
 Alistair's Intoxication  Tmut/Pois      38%        N/A       6%          5
 Blade Hands              Tmut           28%        N/A       6%          5
 Iron Shot                Conj/Erth      28%        9d6       9%          6


Dungeon Overview and Level Annotations

Branches:
Dungeon (8/15)             Temple (1/1) D:7            Lair (5/6) D:8
 Shoals (0/4) Lair:3        Snake (0/4) Lair:2      Ossuary (visited)
  Slime: Lair:5-6

Altars:
Ashenzari
Cheibriados
Dithmenos
Fedhas
Gozag
Hepliaklqana
Makhleb
Nemelex Xobeh
Okawaru
Qazlal
Ru
Sif Muna
Trog
Uskayaw
Vehumet
Wu Jian
Xom
Yredelemnul
Zin
The Shining One

Shops:
D:3 :?[*   D:4 (


Innate Abilities, Weirdness & Mutations

You have very sharp teeth.
Your uncanny sense of smell can sniff out nearby items.
Your experience applies equally to all skills.
You have a pair of small antennae on your head.


Message History

The eight-headed hydra looks as sick as possible!
The eight-headed hydra bites you!
The eight-headed hydra bites you but does no damage.
The eight-headed hydra barely misses you.
The eight-headed hydra bites you!
The eight-headed hydra barely misses you.
The eight-headed hydra closely misses you.
The eight-headed hydra bites you!
The eight-headed hydra bites you but does no damage.
The eight-headed hydra attacks as you move away!
The eight-headed hydra completely misses you.
The eight-headed hydra closely misses you.
The eight-headed hydra bites you! x2
The eight-headed hydra completely misses you.
The eight-headed hydra bites you! x2; The eight-headed hydra misses you.
The eight-headed hydra festers in the toxic bog!
The eight-headed hydra looks as sick as possible!
The eight-headed hydra festers in the toxic bog!
The eight-headed hydra looks as sick as possible!
The eight-headed hydra bites you.
The eight-headed hydra completely misses you.
The eight-headed hydra bites you!
* * * LOW HITPOINT WARNING * * *
The eight-headed hydra bites you but does no damage.
The eight-headed hydra closely misses you.
The eight-headed hydra bites you!
* * * LOW HITPOINT WARNING * * *
The eight-headed hydra bites you but does no damage.
The eight-headed hydra closely misses you.
Okay, then.
Okay, then.
Okay, then.
As you read the scroll labelled TOR LOWKUYCZEVE, it crumbles to dust.
It is a scroll of brand weapon.
Your +4 scimitar of freezing acquires a faint afterimage.
N - a +4 spectral scimitar (weapon)
The eight-headed hydra festers in the toxic bog!
The eight-headed hydra looks as sick as possible!
The eight-headed hydra bites you!
You die...

# ##.... # ..#...# # ##.. .....#
# ##... #.≈.# # #....
####.≈.###################
##....##...≈≈≈...................
#.........≈≈≈≈≈≈≈≈≈..............
#.........≈≈≈≈≈D@≈≈..............
.......!.....≈≈≈≈≈≈...[..........
........#####.≈≈≈≈≈..............
.......## ##≈≈≈≈≈..............
#......# .≈≈≈≈......<..<.....
#.#...#### #.P...##.............
# ###.P..# ##...### #............
#....####...P# .###...).....
.#.##...........##### #........^.


You could see an eight-headed hydra (extremely poisoned).

Vanquished Creatures
  5 hydras
  6 death yaks (Lair:4)
  Sonja (Lair:1)
  3 oklob plants
  9 elephants
  A black mamba (Lair:4)
  A merfolk siren (Lair:3)
  A guardian serpent (Lair:2)
  4 cane toads
  2 rime drakes
  5 komodo dragons
  A polar bear (Lair:4)
  A hornet (D:6)
  13 blink frogs
  7 dream sheep (Lair:4)
  4 wyverns (D:8)
  46 yaks
  12 water moccasins
  2 orc warriors
  An ice beast (D:7)
  7 black bears
  2 ogres
  10 wolves
  A centaur (D:7)
  18 bullfrogs
  2 necrophages
  2 water moccasin zombies (Ossuary)
  2 gnoll sergeants
  7 scorpions
  5 wights (D:7)
  4 killer bees (D:7)
  2 howler monkeys (D:7)
  2 jellies
  4 hounds
  5 orc priests
  5 iguanas
  Natasha (thrice) (D:2)
  5 orc wizards
  2 mummies (Ossuary)
  9 adders
  9 gnolls
  A shadow imp (D:6)
  2 white imps
  3 ufetubi
  6 adder zombies (Ossuary)
  3 worms
  A dart slug (D:1)
  18 orcs
  9 ball pythons
  2 bats
  12 endoplasms
  7 giant cockroaches
  3 gnoll zombies (Ossuary)
  7 goblins
  9 hobgoblins
  8 kobolds
  3 quokkas
  3 frilled lizards
  7 hobgoblin zombies (Ossuary)
  11 kobold zombies (Ossuary)
  3 orc zombies (Ossuary)
  A rat (D:1)
350 creatures vanquished.

Vanquished Creatures (others)
  A yak (Lair:1)
  2 wolves
  25 fungi
  47 plants
75 creatures vanquished.

Grand Total: 425 creatures vanquished

Notes
Turn   | Place    | Note
-------+----------+-------------------------------------------
     0 | D:1      | Bruhh the Gnoll Ice Elementalist began the quest for the
                  | Orb.
     0 | D:1      | Reached XP level 1. HP: 13/13 MP: 6/6
   157 | D:1      | Reached XP level 2. HP: 19/19 MP: 5/7
   203 | D:1      | Found a faded altar of an unknown god.
   698 | D:1      | Reached XP level 3. HP: 25/25 MP: 7/9
   763 | D:2      | Reached skill level 5 in Spellcasting
  1043 | D:2      | Noticed Natasha
  1056 | D:2      | Killed Natasha
  1057 | D:2      | Reached skill level 1 in Fighting
  1057 | D:2      | Reached skill level 1 in Short Blades
  1057 | D:2      | Reached skill level 1 in Long Blades
  1057 | D:2      | Reached skill level 1 in Axes
  1057 | D:2      | Reached skill level 1 in Maces & Flails
  1057 | D:2      | Reached skill level 1 in Polearms
  1057 | D:2      | Reached skill level 1 in Staves
  1057 | D:2      | Reached skill level 1 in Slings
  1057 | D:2      | Reached skill level 1 in Bows
  1057 | D:2      | Reached skill level 1 in Crossbows
  1057 | D:2      | Reached skill level 1 in Throwing
  1057 | D:2      | Reached skill level 1 in Armour
  1057 | D:2      | Reached skill level 1 in Shields
  1057 | D:2      | Reached skill level 1 in Unarmed Combat
  1057 | D:2      | Reached skill level 1 in Invocations
  1057 | D:2      | Reached skill level 1 in Evocations
  1057 | D:2      | Reached XP level 4. HP: 24/32 MP: 9/11
  1183 | D:2      | Noticed Natasha
  1196 | D:2      | Killed Natasha
  1197 | D:2      | Reached skill level 1 in Conjurations
  1197 | D:2      | Reached skill level 1 in Hexes
  1197 | D:2      | Reached skill level 1 in Summonings
  1197 | D:2      | Reached skill level 1 in Necromancy
  1197 | D:2      | Reached skill level 1 in Translocations
  1197 | D:2      | Reached skill level 1 in Transmutations
  1197 | D:2      | Reached skill level 1 in Fire Magic
  1197 | D:2      | Reached skill level 1 in Air Magic
  1197 | D:2      | Reached skill level 1 in Earth Magic
  1197 | D:2      | Reached skill level 1 in Poison Magic
  1223 | D:2      | Noticed Natasha
  1232 | D:2      | Learned a level 3 spell: Frozen Ramparts
  1236 | D:2      | Learned a level 3 spell: Ozocubu's Armour
  1256 | D:2      | Killed Natasha
  1257 | D:2      | Reached XP level 5. HP: 23/37 MP: 9/12
  2112 | D:3      | Found Zexzaex's General Store.
  2153 | D:3      | Found Sigueni's Antique Armour Boutique.
  2166 | D:3      | Found Onomer's Magic Scroll Boutique.
  2179 | D:3      | Identified the amulet "Rinkaola" {Will- Regen+ rCorr Int+8
                  | Dex+5}
  2269 | D:3      | Found a burning altar of Makhleb.
  2399 | D:3      | Found Gyicek's Book Shop.
  2772 | D:4      | Reached skill level 5 in Dodging
  2772 | D:4      | Reached XP level 6. HP: 39/44 MP: 5/14
  3030 | D:4      | Found Bicutt's Weapon Shoppe.
  3242 | D:4      | Reached XP level 7. HP: 50/50 MP: 5/15
  3724 | D:5      | Entered Level 5 of the Dungeon
  3951 | D:5      | Reached skill level 5 in Stealth
  4155 | D:5      | Reached XP level 8. HP: 46/57 MP: 16/16
  4598 | D:6      | Noticed a hornet
  4755 | D:6      | Killed a hornet
  5191 | D:6      | Reached XP level 9. HP: 58/65 MP: 13/18
  5418 | D:7      | Found a sand-covered staircase.
  5423 | Ossuary  | Entered an ossuary
  6252 | D:7      | Found a staircase to the Ecumenical Temple.
  6274 | Temple   | Entered the Ecumenical Temple
  6445 | Temple   | Became a worshipper of Vehumet
  6531 | D:7      | Reached skill level 8 in Ice Magic
  6585 | D:7      | Reached skill level 5 in Invocations
  6715 | D:7      | Reached * piety under Vehumet
  6715 | D:7      | Offered knowledge of Magic Dart by Vehumet.
  6766 | D:7      | Reached XP level 10. HP: 58/73 MP: 14/20
  6775 | D:7      | Reached skill level 5 in Fighting
  6775 | D:7      | Reached skill level 5 in Short Blades
  6775 | D:7      | Reached skill level 5 in Long Blades
  6775 | D:7      | Reached skill level 5 in Axes
  6775 | D:7      | Reached skill level 5 in Maces & Flails
  6775 | D:7      | Reached skill level 5 in Polearms
  6775 | D:7      | Reached skill level 5 in Staves
  6775 | D:7      | Reached skill level 5 in Slings
  6775 | D:7      | Reached skill level 5 in Bows
  6775 | D:7      | Reached skill level 5 in Crossbows
  6775 | D:7      | Reached skill level 5 in Throwing
  6775 | D:7      | Reached skill level 5 in Armour
  6775 | D:7      | Reached skill level 5 in Shields
  6775 | D:7      | Reached skill level 5 in Unarmed Combat
  6775 | D:7      | Reached skill level 5 in Evocations
  7174 | D:8      | Found a staircase to the Lair.
  7537 | D:8      | Offered knowledge of Static Discharge by Vehumet.
  7578 | D:8      | Reached ** piety under Vehumet
  7716 | D:8      | Found a shimmering blue altar of Sif Muna.
  8244 | D:3      | Bought a book of Alchemy for 392 gold pieces
  8341 | Lair:1   | Entered Level 1 of the Lair of Beasts
  8365 | Lair:1   | Learned a level 4 spell: Anguish
  8423 | Lair:1   | Noticed a six-headed hydra
  8433 | Lair:1   | Killed a six-headed hydra
  8434 | Lair:1   | Reached XP level 11. HP: 81/81 MP: 8/22
  8787 | Lair:1   | Reached skill level 5 in Conjurations
  8787 | Lair:1   | Reached skill level 5 in Hexes
  8787 | Lair:1   | Reached skill level 5 in Summonings
  8787 | Lair:1   | Reached skill level 5 in Necromancy
  8787 | Lair:1   | Reached skill level 5 in Translocations
  8787 | Lair:1   | Reached skill level 5 in Transmutations
  8787 | Lair:1   | Reached skill level 5 in Fire Magic
  8787 | Lair:1   | Reached skill level 5 in Air Magic
  8787 | Lair:1   | Reached skill level 5 in Earth Magic
  8787 | Lair:1   | Reached skill level 5 in Poison Magic
  8930 | Lair:1   | Noticed Sonja
  9177 | Lair:1   | Offered knowledge of Stone Arrow by Vehumet.
  9342 | Lair:1   | Learned a level 5 spell: Irradiate
  9514 | Lair:1   | Killed Sonja
  9754 | Lair:2   | Reached skill level 9 in Ice Magic
  9907 | Lair:2   | Noticed a six-headed hydra
  9914 | Lair:2   | Killed a six-headed hydra
  9924 | Lair:2   | Identified the +7 long sword of Mayhem {flame, rElec rF++
                  | rN+ Int-5}
 10184 | Lair:2   | Found a staircase to the Snake Pit.
 10189 | Lair:2   | Reached *** piety under Vehumet
 10490 | Lair:3   | Reached XP level 12. HP: 83/89 MP: 4/24
 10491 | Lair:3   | Gained mutation: You have a pair of small antennae on your
                  | head. [mutagenic glow]
 10622 | Lair:3   | Offered knowledge of Sticky Flame by Vehumet.
 10685 | Lair:3   | Noticed a five-headed hydra
 10697 | Lair:3   | Killed a six-headed hydra
 10848 | Lair:3   | Learned a level 5 spell: Borgnjor's Vile Clutch
 10855 | Lair:3   | Learned a level 6 spell: Eringya's Noxious Bog
 11308 | Lair:3   | Found a staircase to the Shoals.
 11536 | Lair:4   | Noticed a four-headed hydra
 11549 | Lair:4   | Killed a four-headed hydra
 11644 | Lair:4   | Noticed a death yak
 11645 | Lair:4   | Noticed a death yak
 11646 | Lair:4   | Noticed a death yak
 11678 | Lair:4   | Killed a death yak
 12152 | Lair:4   | Noticed a death yak
 12152 | Lair:4   | Noticed a death yak
 12371 | Lair:4   | Reached **** piety under Vehumet
 12373 | Lair:4   | Reached XP level 13. HP: 95/98 MP: 24/26
 12589 | Lair:4   | Offered knowledge of Fireball by Vehumet.
 13142 | Lair:5   | Reached skill level 10 in Ice Magic
 13779 | Lair:5   | Slain by an eight-headed hydra

Illustrated notes

Levels and vault maps discovered:
D:1:      mrwooster_arrival_arrow, layout_basic,
          chequers_ecumenical_altar_island
D:2:      layout_basic, minivault_14, uniq_natasha
D:3:      layout_basic, bloody_makhleb, serial_shops, shop_statue,
          nicolae_shop_trees, shop, nicolae_shop_waterfront
D:4:      layout_basic, serial_shops, nicolae_shop_bloodbath_and_beyond,
          minmay_starry_boxes
D:5:      layout_basic, serial_bayou_pond_e
D:6:      layout_basic
D:7:      layout_basic, minmay_temple_entry_large_hall, enter_ossuary_2,
          minmay_misc_feat_plants, kennysheep_generic_room_6
D:8:      layout_basic, kennysheep_orc_sif_temple, minmay_lair_entry_grove
Temple:   compressed_dpeg_circular_temple
Lair:1:   layout_cellular_growth, grunt_megastairs_2, uniq_sonja
Lair:2:   layout_concentric_octagons, minmay_snake_entry_spellcaster,
          lemuel_fruit_tree
Lair:3:   layout_big_grid, minmay_shoals_entry_lonely_mermaid
Lair:4:   dpeg_oklob_gauntlet, layout_small_grid, grunt_megastairs_3,
          lemuel_fruit_fields
Lair:5:   nzn_winding_woodlands_medium [nzn_winding_woodlands_5x5_checkerboard,
          nzn_winding_woodlands_5x15_parted,
          nzn_winding_woodlands_5x5_perimeter,
          nzn_winding_woodlands_5x5_open_star,
          nzn_winding_woodlands_center_garden, nzn_winding_woodlands_5x5_three,
          nzn_winding_woodlands_5x5_closed_star,
          nzn_winding_woodlands_5x15_sidewinder,
          nzn_winding_woodlands_5x5_cross], layout_layer_cave,
          grunt_megastairs_1

Skill      XL: |  1  2  3  4  5  6  7  8  9 10 11 12 13 |
---------------+----------------------------------------+-----
Spellcasting   | 5 6 7 8 9 |  9.9
Fighting       | 1 2 3 4 5 6 7 8 |  8.5
Short Blades   | 1 2 3 4 5 6 7 8 |  8.5
Long Blades    | 1 2 3 4 5 6 7 8 |  8.5
Axes           | 1 2 3 4 5 6 7 8 |  8.5
Maces & Flails | 1 2 3 4 5 6 7 8 |  8.5
Polearms       | 1 2 3 4 5 6 7 8 |  8.5
Staves         | 1 2 3 4 5 6 7 8 |  8.5
Slings         | 1 2 3 4 5 6 7 8 |  8.5
Bows           | 1 2 3 4 5 6 7 8 |  8.5
Crossbows      | 1 2 3 4 5 6 7 8 |  8.5
Throwing       | 1 2 3 4 5 6 7 8 |  8.5
Armour         | 1 2 3 4 5 6 7 8 |  8.5
Shields        | 1 2 3 4 5 6 7 8 |  8.5
Unarmed Combat | 1 2 3 4 5 6 7 8 |  8.5
Invocations    | 1 2 3 4 5 6 7 8 9 |  9.3
Evocations     | 1 2 3 4 5 6 7 8 |  8.5
Conjurations   | 1 2 3 4 5 6 7 |  7.1
Hexes          | 1 2 3 4 5 6 7 |  7.1
Summonings     | 1 2 3 4 5 6 7 |  7.1
Necromancy     | 1 2 3 4 5 6 7 |  7.1
Translocations | 1 2 3 4 5 6 7 |  7.1
Transmutations | 1 2 3 4 5 6 7 |  7.1
Fire Magic     | 1 2 3 4 5 6 7 |  7.1
Air Magic      | 1 2 3 4 5 6 7 |  7.1
Earth Magic    | 1 2 3 4 5 6 7 |  7.1
Poison Magic   | 1 2 3 4 5 6 7 |  7.1
Dodging        | 5 6 7 8 9 |  9.7
Stealth        | 5 6 7 8 9 |  9.5
Ice Magic      | 8 9 10 | 10.1

Action                   |  1- 3 |  4- 6 |  7- 9 | 10-12 | 13-15 || total
-------------------------+-------+-------+-------+-------+-------++-------
Melee: Unarmed           |     1 |       |       |       |       ||     1
       Whip              |    28 |    57 |     7 |       |       ||    92
       Spear             |     9 |       |   327 |   237 |       ||   573
       Bite              |     1 |     4 |    45 |    52 |     5 ||   107
       Punch             |     1 |     4 |     3 |    11 |     3 ||    22
       Scimitar          |       |       |     4 |    75 |    53 ||   132
       Long sword        |       |       |       |     5 |       ||     5
 Cast: Freeze            |    24 |    50 |    25 |    42 |     1 ||   142
       Frozen Ramparts   |       |     2 |    15 |    18 |     3 ||    38
       Ozocubu's Armour  |       |     2 |    11 |    16 |     1 ||    30
       Anguish           |       |       |       |    10 |     2 ||    12
       Irradiate         |       |       |       |    21 |     3 ||    24
       Borgnjor's Vile C |       |       |       |    10 |    13 ||    23
       Eringya's Noxious |       |       |       |     4 |    11 ||    15
Evoke: Wand              |       |       |       |     5 |       ||     5
  Use: Potion            |       |     1 |     2 |     1 |       ||     4
       Scroll            |       |       |    11 |     7 |     1 ||    19
 Stab: Sleeping          |     5 |     3 |    13 |     9 |     2 ||    32
       Distracted        |       |       |       |     3 |       ||     3
Armor: Leather armour    |     6 |    15 |    62 |    75 |    20 ||   178
Dodge: Dodged            |    27 |    47 |   197 |   236 |    88 ||   595
Block: Kite shield       |       |       |    92 |    69 |       ||   161

Table legend: (Time is in decaauts)
 A = Elapsed time spent in this place.
 B = Non-inter-level travel time spent in this place.
 C = Inter-level travel time spent in this place.
 D = Time resting spent in this place.
 E = Time spent auto-exploring this place.
 F = Levels seen in this place.
 G = Mean time per level.
                   A        B        C        D        E       F      G
               +--------+--------+--------+--------+--------+-----+--------+
         Total |  13842 |  13255 |    587 |    378 |   9704 |  15 |  922.8 |
       Dungeon |   7901 |   7448 |    453 |    349 |   5504 |   8 |  987.6 |
        Temple |    200 |    200 |      0 |      0 |     57 |   1 |  200.0 |
          Lair |   5464 |   5331 |    133 |     29 |   4061 |   5 | 1092.8 |
       Ossuary |    276 |    276 |      0 |      0 |     81 |   1 |  276.0 |
               +--------+--------+--------+--------+--------+-----+--------+

Top non-repeatable levels by time:
  Lair:4: 1680 daAuts
     D:2: 1347 daAuts
  Lair:1: 1289 daAuts
     D:6: 1286 daAuts
     D:8: 1174 daAuts
     D:4: 1106 daAuts
  Lair:3: 928 daAuts
  Lair:2: 921 daAuts
     D:5: 858 daAuts
     D:7: 776 daAuts
     D:1: 750 daAuts
  Lair:5: 644 daAuts
     D:3: 600 daAuts
 Ossuary: 276 daAuts
  Temple: 200 daAuts
